 Dungeon Crawl Stone Soup version 0.29.1-4-g47bece8355 (webtiles) character file.

Game seed: 15868447425851728457

380 conradc the Shooter (level 6, -2/48 HPs)
             Began as a Demonspawn Hunter on Dec 10, 2022.
             Was a Priest of Jiyva.
             Slain by a kobold brigand
             ... wielding a +0 whip
              (3 damage)
             ... in a sewer.
             The game lasted 00:08:29 (2621 turns).

conradc the Shooter (Demonspawn Hunter)             Turns: 2621, Time: 00:08:30

Health: -2/48      AC:  6    Str: 13    XL:     6   Next: 46%
Magic:  3/6        EV: 11    Int: 10    God:    Jiyva [***...]
Gold:   83         SH:  0    Dex: 17    Spells: 5/5 levels left

rFire   . . .      SeeInvis .   o - +0 dagger
rCold   . . .      Faith    .   (no shield)
rNeg    . . .      Spirit   .   e - +0 ring mail
rPois   .          Reflect  .   (no helmet)
rElec   .          Harm     .   (no cloak)
rCorr   +          Rampage  .   (no gloves)
Will    .....                   (no boots)
Stlth   ++........              (no amulet)
HPRegen 1.28/turn               (no ring)
MPRegen 0.45/turn               (no ring)

@: calling ooze
A: rugged brown scales 1
a: Renounce Religion, Oozemancy


You were in a sewer.
You worshipped Jiyva.
Jiyva was most pleased with you.
You visited 1 branch of the dungeon, and saw 4 of its levels.
You also visited: Sewer.

You collected 83 gold pieces.

Inventory:

Hand Weapons
 a - a +0 shortbow
 o - a +0 dagger (weapon)
Missiles
 g - 12 poisoned darts
 j - 5 javelins
 l - 2 silver boomerangs (quivered)
 q - a curare-tipped dart
Armour
 e - a +0 ring mail (worn)
Wands
 d - a wand of digging (3)
Scrolls
 b - 3 scrolls of immolation
 c - a scroll of amnesia {unknown}
 h - 2 scrolls of identify {unknown}
 k - a scroll of blinking {unknown}
 m - a scroll of teleportation {unknown}
 p - 2 scrolls of enchant weapon {unknown}
Potions
 f - 2 potions of degeneration {unknown}
 i - a potion of resistance {unknown}
 r - a potion of brilliance


   Skills:
 * Level 3.4 Fighting
 * Level 1.5 Short Blades
 - Level 0.9 Axes
 + Level 4.4 Ranged Weapons
 + Level 0.4 Throwing
 * Level 2.3 Armour
 * Level 2.7 Dodging
 * Level 2.5 Stealth
 * Level 0.2 Evocations


You had 5 spell levels left.
You didn't know any spells.
Your spell library was empty.

Dungeon Overview and Level Annotations

Branches:
Dungeon (4/15)              Sewer (1/1)
 Temple: D:4-7

Altars:
Sif Muna
Jiyva

Shops:
D:1 (*!:?


Innate Abilities, Weirdness & Mutations

You are partially covered in rugged brown scales. (AC +1, +3% HP)


Message History

The kobold brigand misses you.
You hit the kobold brigand but do no damage.
The kobold brigand is severely wounded.
The kobold brigand hits you with a +0 club.
The kobold brigand hits you with a +0 whip.
You hit the kobold brigand but do no damage.
The kobold brigand is severely wounded.
The kobold brigand closely misses you.
The kobold brigand hits you with a +0 whip.
You barely miss the kobold brigand.
The kobold brigand is severely wounded.
The kobold brigand misses you.
The kobold brigand hits you with a +0 whip.
You hit the kobold brigand but do no damage.
The kobold brigand is severely wounded.
The kobold brigand barely misses you.
The kobold brigand hits you with a +0 whip!
* * * LOW HITPOINT WARNING * * *
You feel better.
The kobold brigand hits you with a +0 whip.
The kobold brigand hits you with a +0 club.
Activating: Oozemancy (22% risk of failure)
Press: ? - help, Dir - look around, f - activate Look: a kobold brigand, wielding a +0 whip and quivering curare-tipped darts (severely wounded)
You fail to use your ability.
The kobold brigand hits you with a +0 club.
* * * LOW HITPOINT WARNING * * *
The kobold brigand hits you with a +0 whip.
* * * LOW HITPOINT WARNING * * *
Okay, then.
Okay, then.
Activating: Oozemancy (22% risk of failure)
Press: ? - help, Dir - look around, f - activate Slime begins to ooze from the nearby walls!
The walls burn the kobold brigand!
The kobold brigand hits you with a +0 club!
* * * LOW HITPOINT WARNING * * *
The walls burn the kobold brigand!
The kobold brigand hits you with a +0 whip.
You die...

#.~)~~#####
##.~~.~.~..~~. #######
##~~~.~~.....
#~~~~..~...~ #~~~~.~.∩.∩.
#~~.~~.~...~ ##
##~..~.J.~..~ ~~~~#####
##.~~...~..~..
#~~~~K####~.~.##~...~.~
~~~~###~@~..~.~####.~...~
# #K~~~~~~~# #...~..
#.~~~~~.## .~.~~~.
~~~~####### ~~.~ #####
###


You could see 2 kobold brigands.

Vanquished Creatures
  Sigmund (D:3)
  A kobold brigand (Sewer)
  An iguana (D:3)
  Ijyb (D:3)
  4 adders
  3 worms
  3 dart slugs
  6 orcs
  4 giant cockroaches
  2 goblins
  4 hobgoblins
  2 jackals (D:2)
  2 kobolds (Sewer)
  5 quokkas
  4 ball pythons
  6 bats (D:2)
  4 frilled lizards
  2 rats (D:3)
55 creatures vanquished.

Vanquished Creatures (others)
  A jelly (Sewer)
  A river rat (Sewer)
  An adder (D:3)
  A worm (D:3)
  2 dart slugs
  An orc (D:3)
  2 endoplasms
  2 hobgoblins
  A kobold (D:2)
12 creatures vanquished.

Grand Total: 67 creatures vanquished

Notes
Turn   | Place    | Note
-------+----------+-------------------------------------------
     0 | D:1      | conradc the Demonspawn Hunter began the quest for the Orb.
     0 | D:1      | Reached XP level 1. HP: 16/16 MP: 1/1
    36 | D:1      | Found Mucw's Assorted Antiques.
   113 | D:1      | Found Humm's Book Shoppe.
   211 | D:1      | Found Vuxta's Distillery.
   351 | D:1      | Found Pin Wops's Magic Scroll Emporium.
   431 | D:1      | Gained mutation: You are partially covered in rugged brown
                  | scales. (AC +1, +3% HP) [demonic ancestry]
   431 | D:1      | Reached XP level 2. HP: 16/22 MP: 2/2
   522 | D:1      | Found a faded altar of an unknown god.
   525 | D:1      | Prayed at the altar of an unknown god.
   525 | D:1      | Became a worshipper of Jiyva Jobaogon the Shapeless
   525 | D:1      | Reached * piety under Jiyva
   977 | D:1      | Found Pegoukit's Weapon Shop.
  1105 | D:2      | Reached skill level 1 in Stealth
  1122 | D:2      | Reached skill level 1 in Armour
  1122 | D:2      | Reached XP level 3. HP: 20/28 MP: 3/3
  1145 | D:2      | Reached ** piety under Jiyva
  1620 | D:3      | Reached XP level 4. HP: 35/35 MP: 4/4
  1666 | D:3      | Noticed Ijyb
  1689 | D:3      | Killed Ijyb
  1788 | D:3      | Noticed Sigmund
  1812 | D:3      | Killed Sigmund
  1813 | D:3      | Reached skill level 1 in Short Blades
  1813 | D:3      | Reached skill level 4 in Ranged Weapons
  1813 | D:3      | Reached XP level 5. HP: 42/42 MP: 5/5
  2024 | D:3      | Reached XP level 6. HP: 39/48 MP: 6/6
  2122 | D:3      | Reached *** piety under Jiyva
  2374 | D:4      | Found a glowing drain.
  2382 | D:4      | Found a shimmering blue altar of Sif Muna.
  2420 | Sewer    | Entered a sewer
  2621 | Sewer    | HP: 1/48 [kobold brigand/+0 club (8)]
  2621 | Sewer    | Slain by a kobold brigand

Illustrated notes

Levels and vault maps discovered:
D:1:      zelgadis_glass_arrival_small, layout_basic, serial_shops,
          nicolae_shop_statue_plus, shop, shop, nicolae_shop_trees,
          nicolae_shop_waterfront, hellmonk_ecumenical_altar_defaced_shrine,
          hex_medium
D:2:      layout_rooms, chequers_avenue
D:3:      layout_basic, uniq_ijyb, uniq_sigmund
D:4:      layout_basic, lemuel_round_altar, gammafunk_ghost_smash,
          portal_sewer_entry_f
Sewer:    sewer_co_tree

Skill      XL: |  1  2  3  4 |
---------------+-------------+-----
Dodging        | 2 |  2.7
Stealth        | 1 2 |  2.5
Armour         | 1 2 |  2.3
Fighting       | 3 |  3.4
Short Blades   | 1 |  1.5
Ranged Weapons | 4 |  4.4
Axes           | |  0.9
Throwing       | |  0.4
Evocations     | |  0.2

Action                   |  1- 3 |  4- 6 || total
-------------------------+-------+-------++-------
Melee: War axe           |    48 |       ||    48
       Punch             |     2 |     1 ||     3
       Dagger            |    33 |    31 ||    64
 Fire: Shortbow          |    39 |    70 ||   109
Throw: Dart              |       |     4 ||     4
       Boomerang         |       |     4 ||     4
Invok: Oozemancy         |       |     1 ||     1
  Use: Potion            |       |     3 ||     3
Armor: Ring mail         |    47 |    17 ||    64
Dodge: Dodged            |    62 |    28 ||    90
